 Dungeon Crawl Stone Soup version 0.18-a0-1120-g03bd624 (webtiles) character file.

191 gorblad the Cudgeler (level 5, 0/57 HPs)
             Began as an Ogre Berserker on Jan 17, 2016.
             Was a Priest of Trog.
             Slain by a quokka (5 damage)
             ... on level 3 of the Dungeon.
             The game lasted 00:06:06 (3619 turns).

gorblad the Cudgeler (Ogre Berserker)               Turns: 3619, Time: 00:06:08

Health: 0/57       AC:  3    Str: 23    XL:     5   Next: 70%
Magic:  5/5        EV: 11    Int:  6    God:    Trog [***...]
Gold:   93         SH:  0    Dex:  9    Spells: 0 memorised, 4 levels left

rFire  . . .     SeeInvis .     a - +1 mace
rCold  . . .     Gourm    .     b - +0 animal skin
rNeg   . . .     Faith    .     (no shield)
rPois  .         Spirit   .     (helmet restricted)
rElec  .         Dismiss  .     (no cloak)
rCorr  .         Reflect  .     (gloves unavailable)
SustAt .         Harm     .     (boots unavailable)
MR     .....                    (no amulet)
Stlth  +.........               (no ring)
                                (no ring)

@: not resistant to hostile enchantments, very unstealthy
A: unfitting armour, tough skin 1
a: Berserk, Trog's Hand, Burn Spellbooks, Renounce Religion


You were on level 3 of the Dungeon.
You worshipped Trog.
Trog was most pleased with you.
You were not hungry.

You visited 1 branch of the dungeon, and saw 3 of its levels.

You collected 93 gold pieces.

Inventory:

Hand Weapons
 a - a +1 mace (weapon)
Armour
 b - a +0 animal skin (worn)
Jewellery
 q - a +2 ring of strength {unknown}
Scrolls
 e - a scroll of enchant weapon
 h - a scroll of teleportation
 j - 3 scrolls of identify
 n - a scroll of magic mapping {unknown}
Potions
 g - a potion of invisibility
 i - a potion of lignification
 k - 3 potions of ambrosia
 l - a potion of might {unknown}
 m - 2 potions of curing
Comestibles
 c - 4 bread rations
 d - 4 meat rations
 f - 3 fruits
 o - 6 chunks of flesh
 p - a royal jelly


   Skills:
 + Level 5.3 Fighting
 + Level 5.3 Maces & Flails
 * Level 4.4 Dodging


You had 4 spell levels left.
You didn't know any spells.

Dungeon Overview and Level Annotations

Branches:
Dungeon (3/15)

Altars:
Dithmenos
Nemelex Xobeh
The Shining One


Innate Abilities, Weirdness & Mutations

You are too large for most types of armour.
You have tough skin (AC +1).


Message History

You hit the ogre.
The ogre is lightly wounded.
The ogre barely misses you.
You hit the ogre but do no damage.
The ogre is lightly wounded.
You barely miss the ogre.
The ogre is lightly wounded.
The ogre hits you with a giant spiked club!!
Ouch! That really hurt!
The quokka completely misses you.
You sock the ogre!
The ogre is heavily wounded.
The quokka barely misses you. The ogre closely misses you.
You hit the ogre but do no damage.
The ogre is heavily wounded.
The quokka closely misses you.
The ogre hits you with a giant spiked club!!
* * * LOW HITPOINT WARNING * * *
The quokka bites you.
You die...

#.# #...#
#.... #.#
#......#
##### #....
#.# #......#
#.... #.#
#...$..#
#....
#......#
.......
#......###
.######
#........ .
##
#...Or.#####
##
#....@.....#
#######....#
#...#....#
#...#....###
#...'....'...
#...#....####
#...######
####...#
.....#'##


You could see an ogre and a quokka.

Vanquished Creatures
  Ijyb (D:2)
  2 orc wizards (D:3)
  3 adders
  A worm (D:2)
  A giant gecko (D:2)
  9 orcs (D:3)
  5 giant cockroaches
  13 goblins
  5 hobgoblins
  3 jackals (D:3)
  6 kobolds
  3 quokkas
  6 bats
  5 giant newts
  4 rats
67 creatures vanquished.

Notes
Turn   | Place    | Note
--------------------------------------------------------------
     0 | D:1      | gorblad the Ogre Berserker began the quest for the Orb.
     0 | D:1      | Reached XP level 1. HP: 24/24 MP: 1/1
   123 | D:1      | Reached XP level 2. HP: 25/32 MP: 2/2
   604 | D:1      | Reached ** piety under Trog
  1002 | D:1      | Reached XP level 3. HP: 36/40 MP: 3/3
  1071 | D:2      | Noticed Ijyb
  1083 | D:2      | Killed Ijyb
  1197 | D:2      | Reached XP level 4. HP: 44/49 MP: 4/4
  1854 | D:2      | Found a shadowy altar of Dithmenos.
  2267 | D:3      | Reached skill level 5 in Fighting
  2514 | D:3      | Found a glowing golden altar of the Shining One.
  2599 | D:3      | Reached *** piety under Trog
  2888 | D:3      | Reached skill level 5 in Maces & Flails
  2888 | D:3      | Reached XP level 5. HP: 46/57 MP: 5/5
  2992 | D:3      | HP: 4/85 [orc/enchanted flail (5)]
  2993 | D:3      | HP: 1/85 [orc/enchanted flail (4)]
  3520 | D:3      | Found a sparkling altar of Nemelex Xobeh.
  3612 | D:3      | Noticed an ogre
  3619 | D:3      | Slain by a quokka

Vault maps used:
D:1:      minmay_arrival_wavy_path, minmay_misc_feat_tower, minivault_27,
          minivault_14, kennysheep_crisscross
D:2:      grunt_dithmenos_smoke, serial_co_window_serial, co_window_corner_a,
          co_window_corner_a, co_window_paths_a, co_window_paths_b,
          co_window_paths_a, co_window_corner_a, co_window_paths_b,
          co_window_corner_ca, co_window_corner_cb, co_window_paths_c,
          co_window_unsneaky_path_a, co_window_corner_b, co_window_sun,
          co_window_paths_e, minmay_ruptured, uniq_iyjb
D:3:      nicolae_tso_swordbearing_angel, lemuel_doored_altar,
          nemelex_altar_shiori, first_bread, corexii_corridor_pit

Action                   |  1- 3 |  4- 6 || total
-------------------------+-------+-------++-------
Melee: Mace              |   117 |   139 ||   256
Invok: Berserk           |       |     1 ||     1
       Trog's Hand       |       |     1 ||     1
  Use: Scroll            |     6 |     6 ||    12
 Stab: Sleeping          |     1 |     1 ||     2
  Eat: Chunk             |     1 |     9 ||    10
